TOP OF THE 1ST |
Minnesota Death Stars batting - Pitching for Lee's Summit Tigers : RHP Matthew Scott
|
Pitching: RHP Matthew Scott
|
|
Batting: RHB José Pérez
|
0-0: Called Strike 0-1: Called Strike 0-2: Ball 1-2: Ball 2-2: Strikes out swinging
|
Batting: RHB Peter Dixon
|
0-0: Ball 1-0: Foul Ball, location: 2F 1-1: Swinging Strike 1-2: Ball 2-2: Ball 3-2: Base on Balls
|
Batting: LHB Chris Loudermilk
|
0-0: Called Strike 0-1: Foul Ball, location: 2F 0-2: Strikes out swinging
|
Batting: RHB Herb Ashley
|
0-0: Ball 1-0: DOUBLE (Line Drive, 8LM) Peter Dixon to third Runner from 3rd tries for Home, SAFE, no throw or cutoff
|
Batting: RHB Jorge Martínez
|
0-0: Ball 1-0: DOUBLE (Flyball, 7D) Herb Ashley scores
|
Batting: LHB Sixto Cortés
|
0-0: Foul Ball, location: 2F 0-1: Ball 1-1: Foul Ball, location: 2F 1-2: Ball 2-2: Fly out, F6 (Popup, 56)
|
Top of the 1st over - 2 run(s), 2 hit(s), 0 error(s), 1 left on base; Minnesota 2 - Lee's Summit 0 |
BOTTOM OF THE 1ST |
Lee's Summit Tigers batting - Pitching for Minnesota Death Stars : LHP Keith Jennings
|
Pitching: LHP Keith Jennings
|
|
Batting: SHB Juan Glaviz
|
0-0: Called Strike 0-1: Called Strike 0-2: Foul Ball, location: 2F 0-2: DOUBLE (Line Drive, 78M)
|
Batting: LHB Bill Frazier
|
0-0: Called Strike 0-1: Ball 1-1: Fly out, F8 (Flyball, 8RM)
|
Batting: RHB Ed Watkins
|
0-0: 2-RUN HOME RUN (Flyball, 7LD), Distance : 326 ft
|
Batting: RHB Carlos Flores
|
0-0: Ball 1-0: Called Strike 1-1: Swinging Strike 1-2: Foul Ball, location: 2F 1-2: Ball 2-2: Foul Ball, location: 2F 2-2: Ball 3-2: Base on Balls
|
Batting: LHB Juan Hinojosa
|
0-0: Ball 1-0: Called Strike 1-1: Grounds into double play, 3-6-1 (Groundball, 3)
|
Bottom of the 1st over - 2 run(s), 2 hit(s), 0 error(s), 0 left on base; Minnesota 2 - Lee's Summit 2 |
TOP OF THE 2ND |
Minnesota Death Stars batting - Pitching for Lee's Summit Tigers : RHP Matthew Scott
|
Batting: LHB Lucas Coleman
|
0-0: Foul Ball, location: 2F 0-1: Ball 1-1: Foul Ball, location: 2F 1-2: Ball 2-2: Strikes out swinging passed ball, reaches first!
|
Batting: RHB Leslie Penn
|
0-0: Ball 1-0: DOUBLE (Groundball, 5D) Lucas Coleman to third
|
Batting: RHB John Brown
|
0-0: Ground out 5-3 (Groundball, 56) Lucas Coleman scores
|
Batting: RHB José Pérez
|
0-0: Foul Ball, location: 2F 0-1: Called Strike 0-2: Ball 1-2: Ball 2-2: Strikes out swinging
|
Batting: RHB Peter Dixon
|
0-0: Ball 1-0: Foul Ball, location: 2F 1-1: Swinging Strike 1-2: Strikes out looking
|
Top of the 2nd over - 1 run(s), 1 hit(s), 0 error(s), 1 left on base; Minnesota 3 - Lee's Summit 2 |
BOTTOM OF THE 2ND |
Lee's Summit Tigers batting - Pitching for Minnesota Death Stars : LHP Keith Jennings
|
Batting: RHB Flint Todd
|
0-0: Ball 1-0: Ball 2-0: Ball 3-0: Base on Balls
|
Batting: RHB Gilberto Ferrer
|
0-0: Ball 1-0: SINGLE (Line Drive, 6MD) Flint Todd to second
|
Batting: RHB Oliver Todd
|
0-0: Ball 1-0: Foul Ball, location: 2F 1-1: Foul Ball, location: 2F 1-2: SINGLE (Flyball, 7S) Flint Todd to third Gilberto Ferrer to second
|
Batting: RHB Doug Delaney
|
0-0: Called Strike 0-1: Foul Ball, location: 2F 0-2: Ball 1-2: Ball 2-2: Ball 3-2: Fly out, F8 (Flyball, 8RM) Runner from 3rd tags up, SCORES, no throw
|
Batting: SHB Juan Glaviz
|
0-0: Ball 1-0: Fielders Choice at 2nd, 6-4 (Groundball, 6) Gilberto Ferrer to third
|
Batting: LHB Bill Frazier
|
0-0: Called Strike 0-1: Ball 1-1: Ball 2-1: Called Strike 2-2: Ball 3-2: Foul Ball, location: 2F 3-2: Strikes out swinging
|
Bottom of the 2nd over - 1 run(s), 2 hit(s), 0 error(s), 2 left on base; Minnesota 3 - Lee's Summit 3 |
TOP OF THE 3RD |
Minnesota Death Stars batting - Pitching for Lee's Summit Tigers : RHP Matthew Scott
|
Batting: LHB Chris Loudermilk
|
0-0: Called Strike 0-1: Ball 1-1: Called Strike 1-2: Strikes out swinging
|
Batting: RHB Herb Ashley
|
0-0: Ball 1-0: SINGLE (Flyball, 78S)
|
Batting: RHB Jorge Martínez
|
0-0: Ball 1-0: Called Strike 1-1: Ball 2-1: Ball 3-1: Called Strike Throwing error on steal attempt, E2 Herb Ashley to third 3-2: Strikes out looking
|
Batting: LHB Sixto Cortés
|
0-0: Called Strike 0-1: Foul Ball, location: 2F 0-2: Ball 1-2: SINGLE (Line Drive, 78S) Herb Ashley scores
|
Batting: LHB Lucas Coleman
|
0-0: Ball 1-0: Called Strike 1-1: Foul Ball, location: 2F 1-2: Strikes out swinging
|
Top of the 3rd over - 1 run(s), 2 hit(s), 1 error(s), 1 left on base; Minnesota 4 - Lee's Summit 3 |
BOTTOM OF THE 3RD |
Lee's Summit Tigers batting - Pitching for Minnesota Death Stars : LHP Keith Jennings
|
Batting: RHB Ed Watkins
|
0-0: Ground out 6-3 (Groundball, 6)
|
Batting: RHB Carlos Flores
|
0-0: Ball 1-0: Swinging Strike 1-1: Foul Ball, location: 2F 1-2: Foul Ball, location: 2F 1-2: Strikes out looking
|
Batting: LHB Juan Hinojosa
|
0-0: Foul Ball, location: 2F 0-1: Ball 1-1: Swinging Strike 1-2: Ball 2-2: Ball 3-2: Base on Balls
|
Batting: RHB Flint Todd
|
0-0: Called Strike 0-1: Ball 1-1: Foul Ball, location: 2F 1-2: Foul Ball, location: 2F 1-2: 2-RUN HOME RUN (Flyball, 78XD), Distance : 362 ft
|
Batting: RHB Gilberto Ferrer
|
0-0: Ball 1-0: Fly out, F7 (Flyball, 7M)
|
Bottom of the 3rd over - 2 run(s), 1 hit(s), 0 error(s), 0 left on base; Minnesota 4 - Lee's Summit 5 |
TOP OF THE 4TH |
Minnesota Death Stars batting - Pitching for Lee's Summit Tigers : RHP Matthew Scott
|
Batting: RHB Leslie Penn
|
0-0: Ball 1-0: Called Strike 1-1: Ground out 6-3 (Groundball, 6)
|
Batting: RHB John Brown
|
0-0: Ball 1-0: Ball 2-0: Called Strike 2-1: Called Strike 2-2: Ball 3-2: Strikes out looking
|
Batting: RHB José Pérez
|
0-0: Ball 1-0: Called Strike 1-1: Foul Ball, location: 2F 1-2: Strikes out swinging
|
Top of the 4th over - 0 run(s), 0 hit(s), 0 error(s), 0 left on base; Minnesota 4 - Lee's Summit 5 |
BOTTOM OF THE 4TH |
Lee's Summit Tigers batting - Pitching for Minnesota Death Stars : LHP Keith Jennings
|
Batting: RHB Oliver Todd
|
0-0: Ball 1-0: Ball 2-0: Fly out, F7 (Flyball, 78M)
|
Batting: RHB Doug Delaney
|
0-0: Ball 1-0: Ball 2-0: Called Strike 2-1: SINGLE (Line Drive, 3)
|
Batting: SHB Juan Glaviz
|
0-0: Called Strike 0-1: Foul Ball, location: 2F 0-2: Foul Ball, location: 2F 0-2: Ball 1-2: Ball 2-2: Strikes out swinging
|
Batting: LHB Bill Frazier
|
0-0: Ball 1-0: Fly out, F6 (Popup, 7LSF)
|
Bottom of the 4th over - 0 run(s), 1 hit(s), 0 error(s), 1 left on base; Minnesota 4 - Lee's Summit 5 |
TOP OF THE 5TH |
Minnesota Death Stars batting - Pitching for Lee's Summit Tigers : RHP Matthew Scott
|
Batting: RHB Peter Dixon
|
0-0: Swinging Strike 0-1: Ground out 6-3 (Groundball, 6)
|
Batting: LHB Chris Loudermilk
|
0-0: Ball 1-0: Fly out, F9 (Line Drive, 89M)
|
Batting: RHB Herb Ashley
|
0-0: Ground out 6-3 (Groundball, 6S)
|
Top of the 5th over - 0 run(s), 0 hit(s), 0 error(s), 0 left on base; Minnesota 4 - Lee's Summit 5 |
BOTTOM OF THE 5TH |
Lee's Summit Tigers batting - Pitching for Minnesota Death Stars : LHP Keith Jennings
|
Batting: RHB Ed Watkins
|
0-0: Ball 1-0: Ball 2-0: Ball 3-0: Called Strike 3-1: Base on Balls
|
Pitching: RHP Jeremias Pereirinha
|
|
Batting: RHB Carlos Flores
|
0-0: Ball 1-0: Ball 2-0: Reached on error, E5 (Groundball, 5L) Ed Watkins to second
|
Batting: LHB Juan Hinojosa
|
0-0: Called Strike 0-1: Foul Ball, location: 2F 0-2: Foul Ball, location: 2F 0-2: Ground out U3 (Groundball, 3S) Ed Watkins to third Carlos Flores to second
|
Batting: RHB Flint Todd
|
0-0: Intentional Walk
|
Batting: RHB Gilberto Ferrer
|
0-0: Ball 1-0: Ball 2-0: Fly out, F8 (Flyball, 8RM) Runner from 3rd tags up, SCORES, no throw
|
Batting: RHB Oliver Todd
|
0-0: Ball 1-0: Swinging Strike 1-1: Ball 2-1: SINGLE (Groundball, 4D) Carlos Flores to third Flint Todd to second Runner from 3rd tries for Home, SAFE, no throw or cutoff
|
Batting: RHB Doug Delaney
|
0-0: Called Strike 0-1: Ball 1-1: Ground out 1-3 (Groundball, 15S)
|
Bottom of the 5th over - 2 run(s), 1 hit(s), 1 error(s), 2 left on base; Minnesota 4 - Lee's Summit 7 |
TOP OF THE 6TH |
Minnesota Death Stars batting - Pitching for Lee's Summit Tigers : RHP Matthew Scott
|
Batting: RHB Jorge Martínez
|
0-0: Ball 1-0: SINGLE (Line Drive, 56D)
|
Batting: LHB Sixto Cortés
|
0-0: Swinging Strike 0-1: Called Strike 0-2: Strikes out swinging
|
Batting: LHB Lucas Coleman
|
0-0: Ball 1-0: Called Strike 1-1: Foul Ball, location: 2F 1-2: Fly out, F6 (Popup, 56)
|
Pitching: LHP Fred Villa
|
|
Batting: RHB Leslie Penn
|
0-0: Ball 1-0: Ball 2-0: Ground out 6-3 (Groundball, 6)
|
Top of the 6th over - 0 run(s), 1 hit(s), 0 error(s), 1 left on base; Minnesota 4 - Lee's Summit 7 |
BOTTOM OF THE 6TH |
Lee's Summit Tigers batting - Pitching for Minnesota Death Stars : RHP Jeremias Pereirinha
|
Batting: SHB Juan Glaviz
|
0-0: Called Strike 0-1: Ground out 6-3 (Groundball, 6)
|
Batting: LHB Bill Frazier
|
0-0: Foul Ball, location: 2F 0-1: Foul Ball, location: 2F 0-2: Ball 1-2: Strikes out looking
|
Batting: RHB Ed Watkins
|
0-0: Ball 1-0: Called Strike 1-1: Ball 2-1: Called Strike 2-2: Foul Ball, location: 2F 2-2: Ground out 5-3 (Groundball, 5)
|
Bottom of the 6th over - 0 run(s), 0 hit(s), 0 error(s), 0 left on base; Minnesota 4 - Lee's Summit 7 |
TOP OF THE 7TH |
Minnesota Death Stars batting - Pitching for Lee's Summit Tigers : LHP Fred Villa
|
Batting: RHB John Brown
|
0-0: Swinging Strike 0-1: SINGLE (Groundball, 56D)
|
Batting: RHB José Pérez
|
0-0: Called Strike 0-1: Ball 1-1: Ball 2-1: Grounds into double play, 6-4-3 (Groundball, 6M)
|
Batting: RHB Peter Dixon
|
0-0: Ball 1-0: Ground out 5-3 (Groundball, 5L)
|
Top of the 7th over - 0 run(s), 1 hit(s), 0 error(s), 0 left on base; Minnesota 4 - Lee's Summit 7 |
BOTTOM OF THE 7TH |
Lee's Summit Tigers batting - Pitching for Minnesota Death Stars : RHP Jeremias Pereirinha
|
Pitching: RHP Howard Jewel
|
|
Batting: RHB Carlos Flores
|
0-0: Ball 1-0: Called Strike 1-1: Swinging Strike 1-2: Fly out, F3 (Popup, 3F)
|
Batting: LHB Juan Hinojosa
|
0-0: Called Strike 0-1: Called Strike 0-2: Fly out, F8 (Line Drive, 8LM)
|
Batting: RHB Flint Todd
|
0-0: Called Strike 0-1: Called Strike 0-2: Ball 1-2: DOUBLE (Line Drive, 8LD)
|
Batting: RHB Gilberto Ferrer
|
0-0: SINGLE (Line Drive, 34) Flint Todd to third Runner from 3rd tries for Home, SAFE, no throw or cutoff
|
Batting: RHB Oliver Todd
|
0-0: Called Strike 0-1: Swinging Strike 0-2: Strikes out swinging
|
Bottom of the 7th over - 1 run(s), 2 hit(s), 0 error(s), 1 left on base; Minnesota 4 - Lee's Summit 8 |
TOP OF THE 8TH |
Minnesota Death Stars batting - Pitching for Lee's Summit Tigers : LHP Fred Villa
|
Batting: LHB Chris Loudermilk
|
0-0: Fly out, F5 (Popup, 25F)
|
Batting: RHB Herb Ashley
|
0-0: Called Strike 0-1: Called Strike 0-2: Ball 1-2: Ball 2-2: Strikes out swinging
|
Batting: RHB Jorge Martínez
|
0-0: Ball 1-0: SINGLE (Groundball, 56)
|
Batting: LHB Sixto Cortés
|
0-0: Foul Ball, location: 2F 0-1: Foul Ball, location: 2F 0-2: Strikes out looking
|
Top of the 8th over - 0 run(s), 1 hit(s), 0 error(s), 1 left on base; Minnesota 4 - Lee's Summit 8 |
BOTTOM OF THE 8TH |
Lee's Summit Tigers batting - Pitching for Minnesota Death Stars : RHP Howard Jewel
|
Batting: RHB Doug Delaney
|
0-0: Called Strike 0-1: Swinging Strike 0-2: Ball 1-2: Strikes out swinging
|
Batting: SHB Juan Glaviz
|
0-0: Ball 1-0: SINGLE (Groundball, 4MD) (infield hit)
|
Batting: LHB Bill Frazier
|
0-0: Ball 1-0: Called Strike 1-1: Ball 2-1: Foul Ball, location: 2F 2-2: Fly out, F7 (Line Drive, 7M)
|
Batting: RHB Ed Watkins
|
0-0: Ball 1-0: Called Strike 1-1: Foul Ball, location: 2F 1-2: Strikes out looking
|
Bottom of the 8th over - 0 run(s), 1 hit(s), 0 error(s), 1 left on base; Minnesota 4 - Lee's Summit 8 |
TOP OF THE 9TH |
Minnesota Death Stars batting - Pitching for Lee's Summit Tigers : LHP Fred Villa
|
Batting: LHB Lucas Coleman
|
0-0: Ball 1-0: Foul Ball, location: 2F 1-1: Ground out 3-1 (Groundball, 3)
|
Batting: RHB Leslie Penn
|
0-0: Ball 1-0: Foul Ball, location: 2F 1-1: Foul Ball, location: 2F 1-2: Ball 2-2: Ball 3-2: Base on Balls
|
Batting: RHB John Brown
|
0-0: Called Strike 0-1: Ball 1-1: Ball 2-1: Called Strike 2-2: Foul Ball, location: 2F 2-2: Strikes out swinging
|
Batting: RHB José Pérez
|
0-0: Ball 1-0: Ball 2-0: Ball 3-0: Called Strike 3-1: Base on Balls Leslie Penn to second
|
Pitching: RHP Ángel Guzmán
|
|
Batting: RHB Peter Dixon
|
0-0: Fly out, F9 (Flyball, 89M)
|
Top of the 9th over - 0 run(s), 0 hit(s), 0 error(s), 2 left on base; Minnesota 4 - Lee's Summit 8 |
|